 Dungeon Crawl Stone Soup version 0.27-a0-1590-g15f69828bf (webtiles) character file.

Game seed: 12892929293463637013

38 Shayle the Skirmisher (level 3, -3/37 HPs)
             Began as an Ogre Warper on July 19, 2021.
             Was an Initiate of Hepliaklqana.
             Slain by a gnoll (6 damage)
             ... on level 1 of the Dungeon.
             The game lasted 00:03:28 (2006 turns).

Shayle the Skirmisher (Ogre Warper)                 Turns: 2006, Time: 00:03:29

Health: -3/37      AC:  3    Str: 15    XL:     3   Next: 43%
Magic:  6/6        EV: 10    Int: 15    God:    Hepliaklqana [......]
Gold:   55         SH:  0    Dex:  8    Spells: 6/6 levels left

rFire    . . .     SeeInvis .   a - +0 spear
rCold    . . .     Faith    .   (no shield)
rNeg     . . .     Spirit   .   b - +0 robe
rPois    .         Reflect  .   (helmet restricted)
rElec    .         Harm     .   (no cloak)
rCorr    .         Rampage  .   (gloves unavailable)
Will     .....                  (boots unavailable)
Stlth    +.........             (no amulet)
HPRegen  0.12/turn              (no ring)
MPRegen  0.10/turn              (no ring)

@: lethally poisoned (-3 -> -29)
A: large, unfitting armour, tough skin 1
a: Renounce Religion


You were on level 1 of the Dungeon.
You worshipped Hepliaklqana.
Hepliaklqana was noncommittal.
You visited 1 branch of the dungeon, and saw 3 of its levels.

You collected 55 gold pieces.

Inventory:

Hand Weapons
 a - a +0 spear (weapon)
Armour
 b - a +0 robe (worn)
Scrolls
 c - 2 scrolls of blinking
 e - 3 scrolls of identify {unknown}
 f - a scroll of fear {unknown}
Potions
 g - a potion of invisibility {unknown}
 h - 2 potions of attraction {unknown}
 i - a potion of curing {unknown}


   Skills:
 + Level 3.5 Fighting
 - Level 2.0 Polearms
 - Level 1.0 Throwing
 * Level 3.2 Dodging
 - Level 2.4 Spellcasting
 - Level 2.6 Translocations
 * Level 0.1 Invocations


You had 6 spell levels left.
You didn't know any spells.
Your spell library contained the following spells:

 Spells                   Type           Power      Damage    Failure   Level
 Blink                    Tloc           N/A        N/A       11%         2
 Gell's Gravitas          Tloc           4%         N/A       22%         3
 Lesser Beckoning         Tloc           4%         N/A       22%         3
 Teleport Other           Tloc           9%         N/A       22%         3
 Portal Projectile        Hex/Tloc       10%        N/A       36%         3
 Call Canine Familiar     Summ           1%         N/A       54%         3
 Manifold Assault         Tloc           9%         N/A       89%         5
 Leda's Liquefaction      Hex/Erth       0%         N/A       91%         4


Dungeon Overview and Level Annotations

Branches:
Dungeon (3/15)

Altars:
Hepliaklqana


Innate Abilities, Weirdness & Mutations

You are too large for most types of armour.
You have tough skin. (AC +1)


Message History

You climb upwards.
Found 16 gold pieces.
There is a stone staircase leading down here.
You now have 55 gold pieces (gained 16).
Throw: 2 boomerangs (disperse)
Press: ? - help, Q - select action Shift-Dir - straight line, f - gnoll
Aim: a gnoll, wielding a +0 spear of venom (58% to hit)
You throw a boomerang of dispersal.
The boomerang of dispersal barely misses the gnoll.
The gnoll closely misses you.
Throw: boomerang (disperse)
Press: ? - help, Q - select action Shift-Dir - straight line, f/p - gnoll
Aim: a gnoll, wielding a +0 spear of venom (58% to hit)
You throw a boomerang of dispersal.
The boomerang of dispersal hits the gnoll.
The gnoll blinks!
The gnoll is lightly wounded.
Okay, then.
Okay, then.
The gnoll hits you from afar with a +0 spear of venom.
The gnoll hits you with a +0 spear of venom!
You hit the gnoll.
The gnoll is heavily wounded.
The gnoll barely misses you.
You barely miss the gnoll.
The gnoll is heavily wounded.
The gnoll hits you with a +0 spear of venom!
You are lethally poisoned!
You barely miss the gnoll.
The gnoll is heavily wounded.
You feel very sick.
The gnoll hits you with a +0 spear of venom.
* * * LOW HITPOINT WARNING * * *
You are more poisoned.
You hit the gnoll but do no damage.
The gnoll is heavily wounded.
* * * LOW HITPOINT WARNING * * *
You feel extremely sick.
The gnoll hits you with a +0 spear of venom.
You die...

........≈≈P.P.. #######
#.#...#.#...### ....#...#..######
........# ##.#..##
..#.....###......## ###
#.####...#..#.....# #.#
............#[....###.#
#############...##........#
............'...@#........#######
#############...g#...............
#..............######
#...#..#######.# #[..#..#######.#
######.........# #..#####.##
#..## #.## #...# #..######


You could see a gnoll.

Vanquished Creatures
  An adder (D:2)
  2 dart slugs (D:1)
  2 ball pythons (D:2)
  A bat (D:2)
  An endoplasm (D:1)
  2 giant cockroaches
  A goblin (D:2)
  3 hobgoblins
  5 kobolds
  A quokka (D:2)
  A frilled lizard (D:2)
  3 rats (D:2)
23 creatures vanquished.

Vanquished Creatures (others)
  6 plants (D:1)
6 creatures vanquished.

Grand Total: 29 creatures vanquished

Notes
Turn   | Place    | Note
-------+----------+-------------------------------------------
     0 | D:1      | Shayle the Ogre Warper began the quest for the Orb.
     0 | D:1      | Reached XP level 1. HP: 22/22 MP: 3/3
   110 | D:1      | Reached XP level 2. HP: 29/31 MP: 5/5
  1181 | D:2      | Reached XP level 3. HP: 37/37 MP: 6/6
  1329 | D:2      | Found a hazy altar of Hepliaklqana.
  1352 | D:2      | Became a worshipper of Hepliaklqana the Forgotten
  2006 | D:1      | Slain by a gnoll

Illustrated notes

Levels and vault maps discovered:
D:1:      eino_arrival_cavern_d, layout_basic, serial_glass, glass_columns_a,
          glass_columns_a, glass_columns_a, glass_columns_a, glass_columns_a,
          glass_columns_b, glass_columns_a, glass_columns_b,
          shapermc_ecumenical_altar_hornbeckon
D:2:      layout_basic, basic_altar
D:3:      layout_basic, nicolae_gozag_seed_capital, okawaru_ov_weapons_minmay,
          mainiacjoe_overflow_catch_the_wave, serial_shops,
          nicolae_shop_waterfront, nrook_mini_backslash, st_stairs_10,
          grunt_ministairs_9

Skill      XL: |  1  2 |
---------------+-------+-----
Fighting       | 3 |  3.5
Dodging        | 3 |  3.2
Polearms       | |  2.0
Throwing       | |  1.0
Spellcasting   | |  2.4
Translocations | |  2.6
Invocations    | |  0.1

Action                   || total
-------------------------++-------
Melee: Spear             ||    99
Throw: Boomerang         ||     5
Armor: Robe              ||    21
Dodge: Dodged            ||    53

Table legend: (Time is in decaauts)
 A = Elapsed time spent in this place.
 B = Non-inter-level travel time spent in this place.
 C = Inter-level travel time spent in this place.
 D = Time resting spent in this place.
 E = Time spent auto-exploring this place.
 F = Levels seen in this place.
 G = Mean time per level.
                   A        B        C        D        E       F      G
               +--------+--------+--------+--------+--------+-----+--------+
         Total |   2007 |   1940 |     67 |    418 |   1096 |   3 |  669.0 |
       Dungeon |   2007 |   1940 |     67 |    418 |   1096 |   3 |  669.0 |
               +--------+--------+--------+--------+--------+-----+--------+

Top non-repeatable levels by time:
     D:2: 1042 daAuts
     D:1: 963 daAuts
     D:3: 2 daAuts
